 Dungeon Crawl Stone Soup version bcrawl-1.21.2-28-g2cb1824106 (webtiles) character file.

Game seed: 15627430139730688665

228 IcyTea the Cudgeler (level 5, 0/41 HPs)
             Began as a Draconian Skald on Mar 16, 2020.
             Slain by an orc
             ... wielding a +0 trident
              (5 damage)
             ... on level 3 of the Dungeon.
             The game lasted 00:09:50 (3479 turns).

IcyTea the Cudgeler (Draconian Skald)               Turns: 3479, Time: 00:09:50

Health: 0/41       AC:  7    Str: 13    XL:     5   Next: 71%
Magic:  8/8        EV: 12    Int: 15    God:
Gold:   196        SH:  0    Dex: 10    Spells: 2/8 levels left

rFire    . . .     SeeInvis .   a - +0 mace
rCold    . . .     Gourm    .   (no shield)
rNeg     . . .     Faith    .   (armour unavailable)
rPois    .         Spirit   .   j - +2 hat
rElec    .         Reflect  .   (no cloak)
rCorr    .         Harm     .   (no gloves)
MR       .....                  (no boots)
Stlth    +.........             (no amulet)
HPRegen  0.13/turn              (no ring)
MPRegen  0.11/turn              (no ring)

@: no status effects
A: unfitting armour, cold-blooded, AC +5
a: no special abilities


You were on level 3 of the Dungeon.
You were not hungry.

You visited 1 branch of the dungeon, and saw 3 of its levels.

You collected 196 gold pieces.

Inventory:

Hand Weapons
 a - a +0 mace (weapon)
 b - a +0 hunting sling
Missiles
 i - 413 sling bullets
Armour
 j - a +2 hat (worn)
Scrolls
 c - a scroll of fear
 f - 2 scrolls of identify
 k - a scroll of immolation {unknown}
 l - a scroll of fog {unknown}
 n - a scroll of blinking {unknown}
Potions
 d - a potion of curing {unknown}
 g - a potion of haste {unknown}
 h - a potion of ambrosia {unknown}
 m - a potion of mutation {unknown}
Comestibles
 e - 4 rations {!d}
 o - a chunk of flesh


   Skills:
 - Level 2.1 Fighting
 + Level 5.9 Maces & Flails
 - Level 2.1 Dodging
 - Level 2.0 Spellcasting
 - Level 3.0 Charms


You had 2 spell levels left.
You knew the following spells:

 Your Spells              Type           Power        Failure   Level  Hunger
a - Infusion              Chrm           ##......     6%          1    #......
b - Song of Slaying       Chrm           ##......     10%         2    ###....
c - Regeneration          Chrm/Necr      #.........   34%         3    ###....

Your spell library contained the following spells:

 Spells                   Type           Power        Failure   Level  Hunger
 Ozocubu's Armour         Chrm/Ice       #.......     34%         3    ###....
 Spectral Weapon          Hex/Chrm       #.......     34%         3    ###....


Dungeon Overview and Level Annotations

Branches:
Dungeon (3/12)

Altars:
The Shining One


Innate Abilities, Weirdness & Mutations

Your plain brown scales are hard. (AC +5)
You cannot fit into any form of body armour.
You are cold-blooded and may be slowed by cold attacks.


Message History

The orc priest hits you with a +0 short sword!
* * * LOW HITPOINT WARNING * * *
You barely miss the orc priest.
The orc priest is severely wounded.
The orc closely misses you. The adder bites you but does no damage.
The orc priest hits you with a +0 short sword.
* * * LOW HITPOINT WARNING * * *
You closely miss the orc priest.
The orc priest is severely wounded.
The adder completely misses you. The orc closely misses you.
The orc priest closely misses you. The adder barely misses you.
You hit the orc priest but do no damage.
The orc priest is severely wounded.
The orc hits you from afar with a +0 trident.
* * * LOW HITPOINT WARNING * * *
The adder bites you but does no damage. The orc priest closely misses you.
You hit the orc priest but do no damage.
The orc priest is severely wounded.
The orc hits you from afar with a +0 trident.
You die...

##...##.#o##.# #
##.....#......#...
#........#....oS..
#........#<.(..o..
#........##.S.o...
##.......##o......
#.....o...####o..#
#.....o....# ...
#.....@S.#.... 5.
##.[[..#.# ... .
##.<.##.# .. #####
.. #. #. ##


You could see an orc priest, an adder and an orc.

Vanquished Creatures
  A crimson imp (D:2)
  A bullfrog skeleton (D:2)
  Jessica (D:2)
  4 adders
  3 worms
  A dart slug (D:1)
  9 leopard geckos
  9 orcs
  4 giant cockroaches
  8 goblins
  2 hobgoblins
  13 kobolds
  3 quokkas (D:2)
  3 ball pythons
  4 bats (D:1)
  4 frilled lizards
  10 rats
80 creatures vanquished.

Notes
Turn   | Place    | Note
-------+----------+-------------------------------------------
     0 | D:1      | IcyTea the Draconian Skald began the quest for the Orb.
     0 | D:1      | Reached XP level 1. HP: 17/17 MP: 3/3
   135 | D:1      | Reached XP level 2. HP: 22/24 MP: 5/5
   543 | D:1      | Reached skill level 3 in Maces & Flails
   654 | D:1      | Reached XP level 3. HP: 26/29 MP: 6/6
  1255 | D:2      | Found a glowing golden altar of the Shining One.
  1505 | D:2      | Reached skill level 4 in Maces & Flails
  1505 | D:2      | Reached XP level 4. HP: 8/36 MP: 7/7
  1814 | D:2      | Noticed Jessica
  1818 | D:2      | Killed Jessica
  1835 | D:2      | Learned a level 2 spell: Song of Slaying
  1839 | D:2      | Learned a level 3 spell: Regeneration
  2263 | D:2      | Reached skill level 5 in Maces & Flails
  2467 | D:3      | Reached XP level 5. HP: 41/41 MP: 8/8
  2657 | D:3      | Noticed an ice beast
  3479 | D:3      | Slain by an orc

Skill      XL: |  1  2  3  4 |
---------------+-------------+-----
Charms         | 3 |  3.0
Maces & Flails | 3 4 5 |  5.9
Fighting       | |  2.1
Dodging        | |  2.1
Spellcasting   | |  2.0

Action                   |  1- 3 |  4- 6 || total
-------------------------+-------+-------++-------
Melee: Mace              |   154 |   149 ||   303
       Tailslap          |    20 |    11 ||    31
 Cast: Infusion          |       |     1 ||     1
  Use: Scroll            |       |     1 ||     1
 Stab: Sleeping          |     1 |       ||     1
  Eat: Chunk             |     2 |     7 ||     9
Armor: Skin              |    50 |    53 ||   103
Dodge: Dodged            |   135 |   125 ||   260
